 Dungeon Crawl Stone Soup version 0.22.1-1-ga44c0e5 (webtiles) character file.

5685 whitewolfNL the Cleaver (level 10, -1/85 (86) HPs)
             Began as a Minotaur Berserker on Oct 24, 2018.
             Was an Elder of Trog.
             Slain by a wight
             ... wielding a +3 falchion
              (9 damage)
             ... on level 9 of the Dungeon.
             The game lasted 00:57:37 (12030 turns).

whitewolfNL the Cleaver (Minotaur Berserker)       Turns: 12030, Time: 00:57:38

HP:   -1/85 (86)    AC: 11    Str: 23    XL:     10   Next: 47%
MP:   9/9           EV: 12    Int:  5    God:    Trog [****..]
Gold: 377           SH:  0    Dex: 11    Spells: 9/9 levels left

rFire    . . .     SeeInvis +   L - +4 battleaxe
rCold    + . .     Gourm    .   (shield currently unavailable)
rNeg     . . .     Faith    .   F - +0 scale mail {rC+}
rPois    .         Spirit   .   (helmet restricted)
rElec    .         Reflect  .   j - +2 cloak
rCorr    .         Harm     .   (no gloves)
MR       .....                  (no boots)
Stlth    +.........             (no amulet)
HPRegen  0.24/turn              D - ring of see invisible
MPRegen  0.11/turn              K - ring of stealth

@: berserk cooldown, slowed, drained, very slow
A: retaliatory headbutt, horns 2
a: Berserk, Trog's Hand, Brothers in Arms, Renounce Religion


You were on level 9 of the Dungeon.
You worshipped Trog.
Trog was greatly pleased with you.
You were hungry.

You visited 1 branch of the dungeon, and saw 9 of its levels.

You collected 421 gold pieces.
You spent 44 gold pieces at shops.

Inventory:

Hand Weapons
 k - a +0 halberd
 E - a +0 great sword
 G - a +0 hunting sling of flaming
 L - a +4 battleaxe (weapon)
Missiles
 f - 56 poisoned needles
 n - 354 stones
 t - 27 bolts
 u - 6 throwing nets
 y - 8 tomahawks (quivered)
 B - 108 arrows
 C - 8 poisoned javelins
 I - 51 sling bullets
Armour
 j - a +2 cloak (worn)
 F - a +0 scale mail of cold resistance (worn)
Jewellery
 D - a ring of see invisible (left hand)
 K - a ring of stealth (right hand)
Wands
 a - a wand of disintegration (13)
 H - a wand of polymorph (11)
 J - a wand of paralysis (8)
Scrolls
 b - a scroll of random uselessness
 e - 2 scrolls of noise
 i - 2 scrolls of blinking
 p - a scroll of enchant armour
 q - a scroll of remove curse
 r - a scroll of immolation
 s - 8 scrolls of teleportation
 v - a scroll of fog
 w - a scroll of enchant weapon {unknown}
 A - 2 scrolls of fear
 M - a scroll of magic mapping {unknown}
Potions
 d - 4 potions of curing
 g - a potion of magic
 h - 3 potions of heal wounds
 l - a potion of invisibility {unknown}
 m - 3 potions of haste
 o - a potion of might
 x - 2 potions of brilliance
 z - 3 potions of flight
Comestibles
 c - 7 rations
 N - 3 chunks of flesh


   Skills:
 + Level 7.5(7.4) Fighting
   Level 3.4(3.2) Short Blades
 * Level 12.4(12.6) Axes
 - Level 5.4(9.6) Polearms
 + Level 9.2(9.0) Armour
 + Level 5.4(5.2) Dodging
 - Level 0.7(0.5) Stealth
 * Level 1.0(0.8) Evocations


You had 9 spell levels left.
You didn't know any spells.
Your spell library was empty.

Dungeon Overview and Level Annotations

Branches:
Dungeon (9/15)             Temple (0/1) D:4
   Lair: D:8-11         Orc: D:9-12

Altars:
Cheibriados
Nemelex Xobeh

Shops:
D:4 ?   D:7 (   D:8 }


Innate Abilities, Weirdness & Mutations

You reflexively headbutt those who attack you in melee.
You have a pair of horns on your head.


Message History

You slash the two-headed ogre! You headbutt the two-headed ogre!
The two-headed ogre is moderately wounded.
The two-headed ogre hits you with a dire flail!
The two-headed ogre closely misses you.
The jackal bites you but does no damage.
The two-headed ogre hits you with a dire flail!
* * * LOW HITPOINT WARNING * * *
The two-headed ogre closely misses you. The wight hits you but does no damage.
You slice the two-headed ogre!! You headbutt the two-headed ogre.
The two-headed ogre is severely wounded.
You slice the jackal!!
You kill the jackal!
Trog accepts your kill.
You hit the wight.
The two-headed ogre hits you with a dire flail!
* * * LOW HITPOINT WARNING * * *
The two-headed ogre hits you with a dire flail of protection.
* * * LOW HITPOINT WARNING * * *
The wight hits you with an enchanted falchion!
You die...

#.#.#.# #.#
#.##.#
##.....###.###
#.##.#
+...........>#
#.##.#
####.#########
#.##.# #.#
#.##.#
#.#########
#.##.#
######(........#
#.##.#
#...........###
#....#
#.##.######@#
###### ..
#..zOz....# ...
#.........# ..
#.........# .
####.###.## #.#
'# #.. . #.. .


You could see a two-headed ogre and 2 wights.

Vanquished Creatures
  Harold (D:7)
  A two-headed ogre (D:8)
  Maurice (D:8)
  Psyche (D:8)
  Joseph (D:7)
  A centaur skeleton (D:7)
  A troll (D:9)
  Edmund (D:4)
  An orc warrior (D:7)
  An ice beast (D:7)
  A necrophage (D:8)
  2 ogres
  2 centaurs
  A big kobold (D:8)
  Blork the orc (D:5)
  8 bullfrogs
  2 scorpions
  6 wights
  2 howler monkeys
  A bullfrog zombie (D:6)
  3 crimson imps
  A jelly (D:8)
  A hound (D:6)
  5 orc priests
  A bullfrog skeleton (D:7)
  An iguana (D:4)
  9 orc wizards
  7 worker ants
  A hound zombie (D:5)
  6 gnolls
  14 adders
  A worm (D:3)
  2 dart slugs
  5 leopard geckos
  26 orcs
  7 bats
  5 giant cockroaches
  7 hobgoblins
  13 jackals
  11 kobolds
  5 quokkas
  2 ball pythons
  4 frilled lizards
  6 goblins
  A quokka skeleton (D:5)
  12 rats
192 creatures vanquished.

Notes
Turn   | Place    | Note
-------+----------+-------------------------------------------
     0 | D:1      | whitewolfNL the Minotaur Berserker began the quest for the
                  | Orb.
     0 | D:1      | Reached XP level 1. HP: 19/19 MP: 0/0
   113 | D:1      | Reached skill level 4 in Axes
   391 | D:1      | Reached XP level 2. HP: 27/27 MP: 1/1
   952 | D:1      | Reached XP level 3. HP: 33/33 MP: 2/2
  1309 | D:1      | Reached ** piety under Trog
  2019 | D:2      | Reached skill level 1 in Short Blades
  2027 | D:2      | Reached XP level 4. HP: 25/40 MP: 3/3
  3358 | D:3      | Reached XP level 5. HP: 46/46 MP: 4/4
  4120 | D:3      | Reached XP level 6. HP: 53/53 MP: 5/5
  4384 | D:3      | Reached skill level 5 in Axes
  4993 | D:4      | Found a staircase to the Ecumenical Temple.
  5035 | D:4      | Reached *** piety under Trog
  5130 | D:4      | Found Tyossuis's Magic Scroll Shoppe.
  5132 | D:4      | Reached skill level 1 in Polearms
  5133 | D:4      | Reached XP level 7. HP: 60/60 MP: 6/6
  5389 | D:4      | Reached skill level 5 in Fighting
  5666 | D:4      | Noticed Edmund
  5683 | D:4      | Killed Edmund
  5683 | D:4      | Reached skill level 5 in Armour
  5993 | D:4      | Found a sparkling altar of Nemelex Xobeh.
  6028 | D:4      | Bought a scroll of identify for 22 gold pieces
  6028 | D:4      | Bought a scroll of fog for 22 gold pieces
  6204 | D:5      | Entered Level 5 of the Dungeon
  6659 | D:5      | Noticed Blork the orc
  6669 | D:5      | Killed Blork the orc
  6951 | D:6      | Paralysed by fainting for 9 turns
  7285 | D:6      | Reached XP level 8. HP: 54/68 MP: 7/7
  7292 | D:6      | Reached skill level 5 in Polearms
  8790 | D:7      | Noticed Harold
  8805 | D:7      | Killed Harold
  8805 | D:7      | Reached skill level 7 in Axes
  8805 | D:7      | Reached XP level 9. HP: 29/75 MP: 8/8
  8805 | D:7      | Reached skill level 5 in Dodging
  9188 | D:7      | Noticed Joseph
  9200 | D:7      | Killed Joseph
  9200 | D:7      | Reached skill level 8 in Axes
  9523 | D:7      | Found Uremurr's Antique Weapon Emporium.
  9670 | D:7      | Reached skill level 9 in Axes
 10521 | D:8      | Reached skill level 10 in Axes
 10608 | D:8      | Reached **** piety under Trog
 11068 | D:8      | Noticed Psyche
 11075 | D:8      | Killed Psyche
 11075 | D:8      | Reached skill level 11 in Axes
 11075 | D:8      | Reached XP level 10. HP: 78/85 MP: 9/9
 11144 | D:8      | Found a snail-covered altar of Cheibriados.
 11146 | D:8      | Found Reto's Gadget Shoppe.
 11363 | D:8      | Noticed a two-headed ogre
 11370 | D:8      | Killed a two-headed ogre
 11381 | D:8      | Noticed Maurice
 11396 | D:8      | Killed Maurice
 11396 | D:8      | Reached skill level 12 in Axes
 12019 | D:9      | Noticed a two-headed ogre
 12026 | D:9      | Reached skill level 1 in Evocations
 12030 | D:9      | Slain by a wight

Skill      XL: |  1  2  3  4  5  6  7  8  9 10 |
---------------+-------------------------------+-----
Axes           | 4 5 7 11 12 | 12.4
Fighting       | 4 5 6 7 |  7.5
Short Blades   | 1 2 3 |  3.4
Armour         | 3 4 6 7 8 9 |  9.2
Dodging        | 3 4 5 |  5.4
Polearms       | 1 4 5 |  5.4
Evocations     | 1 |  1.0
Stealth        | |  0.7

Action                   |  1- 3 |  4- 6 |  7- 9 | 10-12 || total
-------------------------+-------+-------+-------+-------++-------
Melee: Hand axe          |    56 |     8 |       |       ||    64
       Headbutt          |    13 |    29 |    38 |     4 ||    84
       Short sword       |    17 |    89 |       |       ||   106
       War axe           |       |    47 |       |       ||    47
       Halberd           |       |     8 |    99 |       ||   107
       Battleaxe         |       |       |   115 |    47 ||   162
Invok: Berserk           |     1 |     5 |     6 |     4 ||    16
Evoke: Wand              |       |       |       |     1 ||     1
  Use: Scroll            |       |     8 |    10 |     1 ||    19
 Stab: Paralysed         |       |       |       |     3 ||     3
  Eat: Chunk             |     1 |     8 |    10 |     6 ||    25
       Ration            |     1 |     2 |     4 |       ||     7
Armor: Animal skin       |    12 |     3 |       |       ||    15
       Leather armour    |       |     2 |       |       ||     2
       Scale mail        |       |    31 |    87 |    17 ||   135
Dodge: Dodged            |    57 |    80 |   144 |    45 ||   326
